 Dungeon Crawl Stone Soup version 0.29.1-13-g9f3cf754e1 (webtiles) character file.

Game seed: 9532368512678723391

522 retardedninja the Shooter (level 7, -3/59 HPs)
             Began as a Minotaur Hunter on Jan 26, 2023.
             Slain by a gnoll
             ... wielding a +0 halberd
              (7 damage)
             ... on level 4 of the Dungeon.
             The game lasted 00:07:17 (5319 turns).

retardedninja the Shooter (Minotaur Hunter)         Turns: 5319, Time: 00:07:19

Health: -3/59      AC: 10    Str: 15    XL:     7   Next: 2%
Magic:  6/6        EV:  7    Int:  8    God:
Gold:   282        SH:  5    Dex: 14    Spells: 6/6 levels left

rFire   . . .      SeeInvis .   g - +0 arbalest
rCold   . . .      Faith    .   (shield currently unavailable)
rNeg    . . .      Spirit   .   t - +0 chain mail
rPois   .          Reflect  +   (helmet restricted)
rElec   .          Harm     .   (no cloak)
rCorr   .          Rampage  .   d - +0 pair of gloves
Will    .....                   a - +0 pair of boots
Stlth   ..........              h - amulet of reflection
HPRegen 0.19/turn               (no ring)
MPRegen 0.10/turn               (no ring)

@: no status effects
A: horns 2, retaliatory headbutt
a: no special abilities


You were on level 4 of the Dungeon.
You visited 1 branch of the dungeon, and saw 4 of its levels.

You collected 282 gold pieces.

Inventory:

Hand Weapons
 g - a +0 arbalest (weapon)
Armour
 a - a +0 pair of boots (worn)
 d - a +0 pair of gloves (worn)
 t - a +0 chain mail (worn)
Jewellery
 h - an amulet of reflection (around neck)
Scrolls
 b - a scroll of immolation
 e - a scroll of silence
 k - a scroll of teleportation {unknown}
 l - 3 scrolls of identify
 o - a scroll of magic mapping {unknown}
 p - 2 scrolls of poison
 q - a scroll of amnesia {unknown}
 r - a scroll of enchant armour {unknown}
 s - a scroll of fear {unknown}
Potions
 f - 2 potions of brilliance
 i - a potion of mutation
 j - a potion of ambrosia
 m - a potion of magic
 n - a potion of flight


   Skills:
 + Level 4.2 Fighting
 * Level 6.4 Ranged Weapons
 + Level 2.6 Throwing
 + Level 3.8 Dodging
 + Level 2.7 Stealth


You had 6 spell levels left.
You didn't know any spells.
Your spell library contained the following spells:

 Spells                   Type           Power      Damage    Failure   Level
 Apportation              Tloc           0%         N/A       100%        1
 Necrotise                Necr           0%         1d4       100%        1
 Sting                    Tmut/Pois      0%         1d3       100%        1
 Summon Small Mammal      Summ           0%         N/A       100%        1
 Poisonous Vapours        Pois/Air       0%         N/A       100%        2
 Olgreb's Toxic Radiance  Pois           0%         N/A       100%        4


Dungeon Overview and Level Annotations

Branches:
Dungeon (4/15)
 Temple: D:4-7

Altars:
Dithmenos
Kikubaaqudgha
Zin

Annotations:
D:3 1 runed translucent door, SirLogeyBear's ghost, amateur HOBe


Innate Abilities, Weirdness & Mutations

You have a pair of horns on your head.
You reflexively headbutt those who attack you in melee.


Message History

You struggle against the net.
The gnoll hits you but does no damage. x2
The gnoll barely misses you.
You struggle against the net.
The gnoll hits you with a +0 whip. The gnoll hits you but does no damage.
The gnoll hits you from afar with a +0 halberd!
You rip the net and break free!
The gnoll hits you with a +0 whip. You block the gnoll's attack.
The gnoll hits you with a +0 whip! The gnoll attacks as you move away!
The gnoll barely misses you. You furiously retaliate!
You headbutt the gnoll! The gnoll hits you but does no damage.
As you read the scroll labelled KEICSI VUTY, it crumbles to dust.
A profound silence engulfs you.
It was a scroll of silence.
The gnoll closely misses you. You furiously retaliate!
You headbutt the gnoll!
The gnoll throws a throwing net.
The throwing net hits you.
You become entangled in the net!
Magic scrolls do not work when you're silenced!
Unknown command.
Magic scrolls do not work when you're silenced!
You struggle against the net.
The gnoll hits you but does no damage. x2
The gnoll barely misses you. You furiously retaliate!
You headbutt the gnoll, but do no damage.
You struggle against the net.
The gnoll hits you with a +0 whip. x2
The gnoll barely misses you.
You shred the net and break free! The gnoll hits you but does no damage.
The gnoll hits you with a +0 whip. The gnoll completely misses you.
The gnoll hits you from afar with a +0 halberd.
* * * LOW HITPOINT WARNING * * *
The gnoll hits you but does no damage. The gnoll hits you with a +0 whip.
* * * LOW HITPOINT WARNING * * *
The gnoll hits you from afar with a +0 halberd.
* * * LOW HITPOINT WARNING * * *
It was a potion of cancellation.
Your magical effects are unravelling.
You feel magically purged.
Your hearing returns.
The gnoll hits you with a +0 whip.
* * * LOW HITPOINT WARNING * * *
The gnoll hits you from afar with a +0 halberd!
You die...

# ###### .###
###....#....#
##....).'....#
#.
##...g...#......
.. ##..gg.####
...## # #...@###
..# ##...### .#
#....##zD ..
#...## w(.# #
#...# .$# ..
#...# ### ##
##'## # #.# #..
#.###########
#..


You could see a steam dragon, a wight, 3 gnolls and a dart slug.

Vanquished Creatures
  A sky beast (D:4)
  4 scorpions
  A hound (D:4)
  6 adders
  A gnoll (D:4)
  3 worms
  2 dart slugs
  6 orcs
  7 bats
  8 endoplasms
  4 giant cockroaches
  6 hobgoblins
  2 jackals (D:2)
  6 quokkas
  4 ball pythons
  7 goblins
  5 kobolds
  4 rats
77 creatures vanquished.

Notes
Turn   | Place    | Note
-------+----------+-------------------------------------------
     0 | D:1      | retardedninja the Minotaur Hunter began the quest for the
                  | Orb.
     0 | D:1      | Reached XP level 1. HP: 18/18 MP: 0/0
   328 | D:1      | Reached skill level 1 in Stealth
   421 | D:1      | Reached XP level 2. HP: 25/25 MP: 1/1
  1377 | D:2      | Reached XP level 3. HP: 18/30 MP: 2/2
  1727 | D:2      | Reached skill level 1 in Throwing
  2508 | D:3      | Found a runed translucent door.
  2508 | D:3      | Noticed SirLogeyBear's ghost (amateur HOBe)
  2580 | D:3      | Found a shadowy altar of Dithmenos.
  2606 | D:3      | Reached skill level 5 in Ranged Weapons
  2619 | D:3      | Found an ancient bone altar of Kikubaaqudgha.
  2628 | D:3      | Reached XP level 4. HP: 38/38 MP: 3/3
  2934 | D:3      | Found a glowing silver altar of Zin.
  3719 | D:4      | Noticed a scorpion
  3723 | D:4      | Killed a scorpion
  3724 | D:4      | Reached XP level 5. HP: 44/45 MP: 4/4
  4012 | D:4      | Noticed a sky beast
  4035 | D:4      | Killed a sky beast
  4036 | D:4      | Reached skill level 6 in Ranged Weapons
  4036 | D:4      | Reached XP level 6. HP: 52/52 MP: 5/5
  5267 | D:4      | Reached XP level 7. HP: 59/59 MP: 6/6
  5291 | D:4      | Noticed a steam dragon
  5319 | D:4      | Slain by a gnoll

Illustrated notes

Levels and vault maps discovered:
D:1:      tarquinn_simple_flora_water_a, layout_basic, serial_co_window_serial,
          co_window_corner_a, co_window_paths_b, co_window_corner_a,
          co_window_paths_a, co_window_of_opportunity_a, co_window_2corner,
          co_window_broadway_c, co_window_corner_cb, glass_columns_a,
          glass_columns_b, minmay_statues_item
D:2:      layout_basic, minmay_door_square
D:3:      layout_loops_corners, lemuel_round_altar, kiku_gazebo_pond_becter,
          old_standard_altar, hellmonk_ghost_happy_afterlife
D:4:      layout_rooms, beargit_hepliaklqana_dungeon_heroes,
          lightli_corner_chamber

Skill      XL: |  1  2  3  4  5  6 |
---------------+-------------------+-----
Stealth        | 1 2 |  2.7
Throwing       | 1 2 |  2.6
Fighting       | 3 4 |  4.2
Ranged Weapons | 5 6 |  6.4
Dodging        | 3 |  3.8

Action                   |  1- 3 |  4- 6 |  7- 9 || total
-------------------------+-------+-------+-------++-------
Melee: Arbalest          |     1 |     1 |       ||     2
       Headbutt          |       |     1 |       ||     1
 Fire: Arbalest          |    84 |    98 |     3 ||   185
       Shortbow          |     8 |       |       ||     8
  Use: Scroll            |       |     8 |     1 ||     9
       Potion            |       |     3 |     1 ||     4
Armor: Leather armour    |    24 |     1 |       ||    25
       Chain mail        |       |    35 |    11 ||    46
       Skin              |       |    69 |       ||    69
Dodge: Dodged            |    49 |    43 |    13 ||   105
Block: Other             |       |    23 |     2 ||    25
       Reflection        |       |     1 |       ||     1
